 Dungeon Crawl Stone Soup version 0.31-a0-187-gba352fbbf7 (webtiles) character file.

Game seed: 13736652503312770673

133 qw the Skirmisher (level 4, -3/25 HPs)
             Began as a Deep Elf Hunter on June 22, 2023.
             Killed from afar by an orc wizard (6 damage)
             ... with a magic dart
             ... on level 3 of the Dungeon.
             The game lasted 00:00:32 (1335 turns).

qw the Skirmisher (Deep Elf Hunter)                 Turns: 1335, Time: 00:00:33

Health: -3/25      AC:  6    Str: 10    XL:     4   Next: 94%
Magic:  6/6        EV: 11    Int: 14    God:
Gold:   136        SH:  0    Dex: 18    Spells: 3/3 levels left

rFire   . . .        Y - +0 shortbow
rCold   . . .        (shield currently unavailable)
rNeg    . . .        k - +0 ring mail
rPois   .            (no helmet)
rElec   .            i - +0 cloak
rCorr   .            (no gloves)
SInv    .            (no boots)
Will    .....        (no amulet)
Stlth   +            (no ring)
HPRegen 0.24/turn    (no ring)
MPRegen 0.10/turn

%: no passive effects
@: about to teleport
A: no striking features
a: no special abilities


You were on level 3 of the Dungeon.
You visited 1 branch of the dungeon, and saw 3 of its levels.

You collected 136 gold pieces.


   Skills:
 - Level 1.5 Fighting
 + Level 8.3 Ranged Weapons
 - Level 2.4 Dodging
 - Level 1.2 Stealth


You had 3 spell levels left.
You didn't know any spells.
Your spell library was empty.

Inventory:

Hand Weapons
 Y - a +0 shortbow (weapon)
Armour
 i - a +0 cloak (worn)
 k - a +0 ring mail (worn)
Scrolls
 j - a scroll of identify
Potions
 c - a potion of mutation {unknown}
 d - a potion of cancellation
 e - a potion of curing {unknown}
 f - a potion of magic {unknown}
 g - a potion of berserk rage {unknown}
 h - a potion of resistance {unknown}

Dungeon Overview and Level Annotations

Branches:
Dungeon (3/15)

Altars:
Elyvilon

Annotations:
D:1 1 transporter


Message History

The arrow hits the orc but does no damage.
Something hits you but does no damage. The orc hits you but does no damage.
You shoot an arrow. The arrow closely misses the orc.
The arrow hits the orc.
The orc is severely wounded.
Something hits you but does no damage. The orc barely misses you.
You shoot an arrow.
The arrow hits the orc but does no damage.
Something hits you. The orc barely misses you.
You shoot an arrow. The arrow hits the orc.
The orc is heavily wounded.
Something hits you. The orc hits you with a +0 club.
You shoot an arrow. The arrow hits the orc.
The orc is severely wounded.
You hear some strange, mumbled words.
Something tries to affect you, but you resist.
The orc hits you with a +0 club.
You shoot an arrow.
The arrow hits the orc but does no damage.
The orc is severely wounded.
Something hits you but does no damage. The orc hits you but does no damage.
You shoot an arrow.
The arrow hits the orc but does no damage.
The orc is severely wounded.
Something hits you. The orc hits you with a +0 club.
1333 ||| READING scroll of teleportation.
As you read the scroll of teleportation, it crumbles to dust.
You feel strangely unstable. Something hits you but does no damage.
The orc barely misses you.
You shoot an arrow.
The arrow hits the orc but does no damage.
The orc is severely wounded.
Something hits you but does no damage. The orc hits you but does no damage.
The orc barely misses you. Something hits you but does no damage.
You shoot an arrow. The arrow hits the orc.
You kill the orc!
The quokka barely misses you.
You hear some strange, mumbled words.
A magic dart appears from out of thin air!
The magic dart hits you.
You die...

.. ..#
......#####.##########.#
.....................#.#
........................
.......#.....#........##
.......#.#.............#
......o#.#.....###..#...
......{#.....#..[#.?#...
.....or@.....#.#....#.#.
####.###....##.#.#.##.##
#.........#.##.#
#...#...###.##.#
#...+..?# #....#
#...#...# ######
#...#...# #...#...# #...
...#


You could see 2 orcs and a quokka.

Vanquished Creatures
  An orc priest (D:3)
  7 adders (D:2)
  3 worms
  4 orcs
  A bat (D:1)
  2 endoplasms (D:2)
  2 giant cockroaches
  A goblin (D:1)
  3 hobgoblins
  3 kobolds (D:2)
  A quokka (D:2)
  2 frilled lizards (D:1)
  4 rats
34 creatures vanquished.

Notes
Turn   | Place    | Note
-------+----------+-------------------------------------------
     0 | D:1      | qw the Deep Elf Hunter began the quest for the Orb.
     0 | D:1      | Reached XP level 1. HP: 12/12 MP: 3/3
     0 | D:1      | 0 ||| qw: Version: 0.3-a-9-g12657ce
     0 | D:1      | 0 ||| qw: Game counter: 2355
     0 | D:1      | 0 ||| qw: Always use a shield: true
     0 | D:1      | 0 ||| qw: God list: Okawaru
     0 | D:1      | 0 ||| qw: Allow faded altars: false
     0 | D:1      | 0 ||| qw: Do Orc after D:15 true
     0 | D:1      | 0 ||| qw: Do second Lair branch before Depths: true
     0 | D:1      | 0 ||| qw: Lair rune preference: random
     0 | D:1      | 0 ||| qw: Plans: Normal
     0 | D:1      | 0 ||| PLANNING D:1-11
   406 | D:1      | Reached XP level 2. HP: 16/16 MP: 4/4
   432 | D:1      | Found a faded altar of an unknown god.
   512 | D:1      | 512 ||| UPGRADING to +0 ring mail.
   522 | D:1      | 522 ||| DROPPING +0 leather armour.
   523 | D:1      | 523 ||| READING scroll labelled AXE BEYSU ZET.
   524 | D:1      | 524 ||| READING 3 scrolls labelled HUPRUSCH WYFAU.
   525 | D:1      | 525 ||| READING 2 scrolls of identify.
   525 | D:1      | 525 ||| IDENTIFYING lumpy emerald potion
   526 | D:1      | 526 ||| DROPPING scroll of butterflies.
   635 | D:2      | Reached skill level 6 in Ranged Weapons
   763 | D:2      | Reached XP level 3. HP: 20/20 MP: 5/5
   784 | D:2      | Found a white marble altar of Elyvilon.
   859 | D:2      | Reached skill level 7 in Ranged Weapons
   965 | D:2      | Reached XP level 4. HP: 25/25 MP: 6/6
  1236 | D:2      | 1236 ||| UPGRADING to +0 cloak.
  1241 | D:2      | 1241 ||| READING scroll labelled VIKEUGE NAACH.
  1242 | D:2      | 1242 ||| READING 2 scrolls labelled JAIGIF MUPIPA.
  1247 | D:2      | 1247 ||| READING scroll labelled GYTUFE PIKOLU.
  1291 | D:3      | Reached skill level 8 in Ranged Weapons
  1314 | D:3      | 1314 ||| Stepping ~*~*~tactically~*~*~ (outnumbered).
  1332 | D:3      | HP: 3/25 [something (4)]
  1333 | D:3      | 1333 ||| READING scroll of teleportation.
  1335 | D:3      | Killed from afar by an orc wizard

Levels and vault maps discovered:
D:1:      spicycebolla_arrival_risky_transporter, layout_basic,
          shapermc_ecumenical_altar_mp_vishouse, grunt_decor_one_mirror,
          minmay_ruptured
D:2:      layout_rooms, basic_altar, minmay_split_cup_small
D:3:      layout_basic, mainiacjoe_overflow_large_starburst,
          nicolae_overflow_quartered_altars, uniq_jessica

Skill      XL: |  1  2  3  4 |
---------------+-------------+-----
Ranged Weapons | 6 7 8 |  8.3
Fighting       | |  1.5
Dodging        | |  2.4
Stealth        | |  1.2

Action                     |  1- 3 |  4- 6 || total
---------------------------+-------+-------++-------
   Fire: Shortbow          |    84 |    46 ||   130
    Use: Scroll            |     3 |     4 ||     7
 Armour: Ring mail         |    18 |    18 ||    36
  Dodge: Dodged            |    14 |    15 ||    29

Table legend:
 A = Non-vault XP
 B = Vault XP
 C = Vault XP percentage of total XP
 D = Non-vault monster count
 E = Vault monster count
 F = Vault count percentage of total count
                 A         B        C        D         E       F
            +---------+---------+-------+---------+---------+-------
      Total |     171 |      23 |  11.9 |      29 |       5 |  14.7
            +---------+---------+-------+---------+---------+-------
        D:1 |       9 |       3 |  25.0 |       6 |       2 |  25.0
        D:2 |     111 |      20 |  15.3 |      19 |       3 |  13.6
        D:3 |      51 |       0 |   0.0 |       4 |       0 |   0.0
            +---------+---------+-------+---------+---------+-------
